 Dungeon Crawl Stone Soup version 0.20-a0-29-g41cc41e (webtiles) character file.

114 MrRokkomies the Chiller (level 4, -1/37 HPs)
             Began as a Demigod Ice Elementalist on Nov 8, 2016.
             Slain by a shadow imp (5 damage)
             ... summoned by Natasha
             ... on level 2 of the Dungeon.
             The game lasted 00:03:27 (1715 turns).

MrRokkomies the Chiller (Demigod Ice Elementalist)  Turns: 1715, Time: 00:03:28

Health: -1/37      AC:  2    Str: 11    XL:     4   Next: 40%
Magic:  8/9        EV: 12    Int: 21    God:
Gold:   64         SH:  0    Dex: 16    Spells: 1 memorised, 5 levels left

rFire  . . .     SeeInvis .     l - +3 trident
rCold  . . .     Gourm    .     a - +0 robe
rNeg   . . .     Faith    .     (no shield)
rPois  .         Spirit   .     (no helmet)
rElec  .         Reflect  .     (no cloak)
rCorr  .         Harm     .     (no gloves)
MR     .....                    (no boots)
Stlth  ++........               (no amulet)
                                (no ring)
                                (no ring)

@: no status effects
A: high mp 1
a: no special abilities


You were on level 2 of the Dungeon.
You were not hungry.

You visited 1 branch of the dungeon, and saw 2 of its levels.

You collected 64 gold pieces.

Inventory:

Hand Weapons
 h - a +0 dagger of venom
 l - a +3 trident (weapon)
Armour
 a - a +0 robe (worn)
Scrolls
 f - a scroll of blinking {unknown}
 i - a scroll of magic mapping {unknown}
 j - a scroll of remove curse {unknown}
Potions
 d - a potion of curing {unknown}
 e - a potion of ambrosia {unknown}
 g - a potion of agility {unknown}
Books
 b - a book of Frost

   Spells                             Type                      Level
   a - Freeze                         Ice                          1
   b - Throw Frost                    Conjuration/Ice              2
   c - Ozocubu's Armour               Charms/Ice                   3
   d - Throw Icicle                   Conjuration/Ice              4
   e - Summon Ice Beast               Ice/Summoning                4
Comestibles
 c - a bread ration
 k - a chunk of flesh


   Skills:
 * Level 2.6 Fighting
 - Level 1.7 Dodging
 - Level 1.7 Stealth
 - Level 1.7 Spellcasting
   Level 0.8 Conjurations
 * Level 4.0 Ice Magic


You had 5 spell levels left.
You knew the following spells:

 Your Spells              Type           Power        Failure   Level  Hunger
a - Freeze                Ice            ###.         3%          1    #......


Dungeon Overview and Level Annotations

Branches:
Dungeon (2/15)

Annotations:
D:2 Natasha


Innate Abilities, Weirdness & Mutations

You have an increased reservoir of magic. (+10% MP)


Message History

The shadow imp gestures at you. Pain shoots through your body!
The crimson imp blinks!
You barely miss the shadow imp.
The shadow imp is moderately wounded.
The shadow imp lashes its tail.
The shadow imp gestures at you. Pain shoots through your body!
The shadow imp barely misses you.
You closely miss the shadow imp.
The shadow imp is moderately wounded.
The shadow imp hits you.
You hit the shadow imp.
The shadow imp is severely wounded.
The shadow imp hits you.
You closely miss the shadow imp.
The shadow imp is severely wounded.
The shadow imp gestures at you. Pain shoots through your body!
* * * LOW HITPOINT WARNING * * *
The shadow imp hits you.
You die...

######### ###
######.....@.# #..
...##.#####5#
#.#####.##.# #h#
##.##.......# #r#
...##.##.##.# #5#
).....##.##.# ###.#
....####.##.. ....#
...#####.#####.###.
#...........(#.# .


You could see Natasha, a crimson imp, a shadow imp and a rat.

Vanquished Creatures
  Natasha (D:2)
  4 adders (D:2)
  An ooze (D:1)
  2 worms (D:2)
  3 dart slugs (D:2)
  2 giant cockroaches (D:1)
  6 goblins
  2 hobgoblins (D:1)
  4 jackals (D:1)
  3 kobolds
  4 bats
  A frilled lizard (D:1)
  5 rats
38 creatures vanquished.

Notes
Turn   | Place    | Note
-------+----------+-------------------------------------------
     0 | D:1      | MrRokkomies the Demigod Ice Elementalist began the quest for the Orb.
     0 | D:1      | Reached XP level 1. HP: 14/14 MP: 5/5
   219 | D:1      | Reached skill level 1 in Fighting
   223 | D:1      | Reached skill level 3 in Ice Magic
   229 | D:1      | Reached XP level 2. HP: 20/23 MP: 5/7
  1106 | D:2      | Noticed Natasha
  1118 | D:2      | Killed Natasha
  1118 | D:2      | Reached XP level 3. HP: 13/29 MP: 3/8
  1389 | D:2      | Reached XP level 4. HP: 30/37 MP: 9/9
  1698 | D:2      | Noticed Natasha
  1705 | D:2      | Reached skill level 4 in Ice Magic
  1715 | D:2      | Slain by a shadow imp

Vault maps used:
D:1:      onia_arrival_pyramid
D:2:      uniq_natasha

Skill      XL: |  1  2  3  4 |
---------------+-------------+-----
Fighting       | 1 2 |  2.6
Ice Magic      | 3 4 |  4.0
Dodging        | |  1.7
Stealth        | |  1.7
Spellcasting   | |  1.7
Conjurations   | |  0.8

Action                   |  1- 3 |  4- 6 || total
-------------------------+-------+-------++-------
Melee: Unarmed           |    17 |       ||    17
       Dagger            |    76 |    13 ||    89
       Trident           |       |    18 ||    18
 Cast: Freeze            |    20 |     2 ||    22
 Stab: Sleeping          |     3 |     2 ||     5
  Eat: Chunk             |     2 |     1 ||     3
Armor: Robe              |    25 |     7 ||    32
Dodge: Dodged            |    60 |    19 ||    79
